 Dungeon Crawl Stone Soup version 0.30.1-4-g462c640d31 (webtiles) character file.

Game seed: 2807661491839259739

1352 leafyfresh the Transmogrifier (level 8, -1/58 (60) HPs)
             Began as a Merfolk Transmuter on Aug 19, 2023.
             Slain by a wight
             ... wielding a +4 halberd of freezing
              (19 damage)
             ... on level 5 of the Dungeon.
             The game lasted 00:10:02 (5015 turns).

leafyfresh the Transmogrifier (Merfolk Transmuter)  Turns: 5015, Time: 00:10:03

HP:   -1/58 (60)    AC:  2    Str: 10    XL:     8   Next: 63%
MP:   9/11          EV: 24    Int: 14    God:
Gold: 158           SH:  0    Dex: 20    Spells: 7/11 levels left

rFire   . . .        s - melded +1 whip (freeze)
rCold   . . .        (shield currently unavailable)
rNeg    . . .        e - melded +2 leather armour {Will+}
rPois   x            t - melded +1 hat
rElec   .            (cloak currently unavailable)
rCorr   .            (gloves currently unavailable)
SInv    .            (boots currently unavailable)
Will    .....        (no amulet)
Stlth   ++           (no ring)
HPRegen 0.29/turn    (no ring)
MPRegen 0.12/turn

%: no passive effects
@: about to teleport, spider-form, lightly drained
A: venomous fangs, tiny, (nimble swimmer 2), (mertail)
a: End Transformation


You were on level 5 of the Dungeon.
You were a venomous arachnid creature.
You visited 1 branch of the dungeon, and saw 5 of its levels.
You also visited: Sewer.

You collected 158 gold pieces.

Inventory:

Hand Weapons
 f - a +0 short sword
 s - a +1 whip of freezing (melded)
Missiles
 u - 6 javelins
 y - 2 throwing nets
Armour
 a - a +0 robe
 e - a +2 leather armour of willpower (melded)
 t - a +1 hat (melded)
Wands
 q - a wand of acid (10)
 r - a wand of paralysis (3)
Scrolls
 g - a scroll of immolation {unknown}
 h - 5 scrolls of teleportation
 i - a scroll of silence
 j - a scroll of enchant armour {unknown}
 l - 3 scrolls of fog
 n - 2 scrolls of enchant weapon
 z - a scroll of amnesia {unknown}
Potions
 b - a potion of lignification
 c - a potion of heal wounds {unknown}
 d - 6 potions of curing {unknown}
 k - 2 potions of flight {unknown}
 m - a potion of magic {unknown}
 o - a potion of invisibility {unknown}
 p - a potion of brilliance {unknown}
 v - 3 potions of mutation {unknown}
 w - 2 potions of haste {unknown}
 x - 2 potions of might {unknown}


   Skills:
 + Level 4.3 Fighting
 + Level 5.7 Dodging
 + Level 5.3 Unarmed Combat
 - Level 2.0 Spellcasting
 - Level 10.4 Transmutations


You had 7 spell levels left.
You knew the following spells:

 Your Spells              Type           Power      Damage    Failure   Level
a - Beastly Appendage     Tmut           60%        N/A       2%          1
b - Spider Form           Tmut/Pois      16%        N/A       22%         3

Your spell library contained the following spells:

 Spells                   Type           Power      Damage    Failure   Level
 Wereblood                Tmut           30%        N/A       3%          2
 Ice Form                 Ice/Tmut       16%        N/A       50%         4


Dungeon Overview and Level Annotations

Branches:
Dungeon (4/15)              Sewer (visited)
 Temple: D:4-7

Altars:

Shops:
D:3 (

Annotations:
D:5 3 runed translucent doors, Esekla's ghost, amateur DENe


Innate Abilities, Weirdness & Mutations

You are a venomous arachnid creature.
You have venomous fangs.
You are tiny and dextrous.
Your spellcasting is less reliable in this form.
Your armour is entirely melded.
You are incapable of wielding weapons or throwing items.
((You are very nimble when in or above water. (Stealth+, EV+, Speed+++)))
((Your lower body shifts to a powerful aquatic tail in water.))


Message History

The wight moves out of view.
No target in view!
A wight comes into view.
It is wielding a +4 halberd of freezing.
A wight is nearby!
A wight is nearby!
You closely miss the wight. The wight misses you.
Casting: Spider Form (dangerous; 12% risk of failure)
Confirm with . or Enter, or press ? or * to list all spells.
You turn into a venomous arachnid creature.
Your +1 whip of freezing melds into your body.
Your +1 hat melds into your body.
Your +2 leather armour of willpower melds into your body.
Your +1 whip of freezing stops glowing.
You feel less strong-willed. The wight barely misses you.
You hit the wight but do no damage. The wight completely misses you.
You hit the wight but do no damage. The wight closely misses you.
You hit the wight but do no damage. The wight completely misses you.
The wight hits you from afar with a +4 halberd of freezing!
The wight freezes you.
You hit the wight but do no damage. The wight misses you.
The wight hits you from afar with a +4 halberd of freezing!!
You feel drained. The wight freezes you!
* * * LOW HITPOINT WARNING * * *
You are too injured to fight recklessly!
You are too injured to fight recklessly!
Unknown command.
Press: ? - help, v - describe, . - travel
Here: a wight, wielding a +3 war axe and wearing a +0 robe The floor.
As you read the scroll of teleportation, it crumbles to dust.
You feel strangely unstable. The wight completely misses you.
The wight misses you.
Unknown command.
The wight attacks as you move away! The wight barely misses you.
The wight completely misses you. The wight closely misses you.
The wight barely misses you. The wight attacks as you move away!
The wight hits you with a +4 halberd of freezing!!
You die...

#.#.#####........# #..# #.#.#
###+++###..##.### #)#.#
#(....(.##......# #. #)#.#
#..♣....####....#
....####)#.#####....(..#.####..##
#....†...)..)..#(([....#.#####..#
....###).#######...(.(.#.........
#...........#################....
#..###.##.#....zs.....########.##
#. #.#####z#####[........... #.
#.# #...# #####....### ..
#.....### #....### [# ##....
###.##~~ #. #... #.##~# #...
#.##~# #... #.##~# #.. #.##~#


You could see 2 wights.

Vanquished Creatures
  Pikel (D:4)
  Prince Ribbit (D:5)
  2 black bears (D:5)
  Blork the orc (D:4)
  A kobold brigand (Sewer)
  A scorpion (D:5)
  2 hounds (D:5)
  An iguana (D:5)
  8 adders
  7 gnolls
  5 worms
  9 orcs
  5 ball pythons
  8 endoplasms
  5 giant cockroaches
  6 goblins
  6 hobgoblins
  2 quokkas
  6 bats
  2 frilled lizards (D:3)
  20 kobolds
  11 rats
110 creatures vanquished.

Notes
Turn   | Place    | Note
-------+----------+-------------------------------------------
     0 | D:1      | leafyfresh the Merfolk Transmuter began the quest for the
                  | Orb.
     0 | D:1      | Reached XP level 1. HP: 15/15 MP: 3/3
    71 | D:1      | Reached skill level 3 in Transmutations
   140 | D:1      | Reached XP level 2. HP: 20/21 MP: 3/5
   217 | D:1      | Reached skill level 4 in Transmutations
   321 | D:1      | Noticed a shining eye
   323 | D:1      | Found a faded altar of an unknown god.
   324 | D:1      | Noticed a floating eye
   324 | D:1      | Noticed a golden eye
   324 | D:1      | Noticed a shining eye
   687 | D:2      | Identified the +1 mace of Classification {freeze, *Rage
                  | rPois Dex+5}
   812 | D:2      | Reached XP level 3. HP: 24/26 MP: 6/6
  1152 | D:3      | Reached skill level 5 in Transmutations
  1165 | D:3      | Learned a level 3 spell: Spider Form
  1370 | D:3      | Reached XP level 4. HP: 32/32 MP: 7/7
  1879 | D:4      | Reached skill level 6 in Transmutations
  2202 | D:3      | Reached XP level 5. HP: 25/37 MP: 6/8
  2345 | D:3      | Found Wiavvo's Weapon Shop.
  2705 | D:3      | Reached skill level 7 in Transmutations
  2918 | D:4      | Noticed a lemure
  2919 | D:4      | Noticed Pikel
  2919 | D:4      | Noticed a lemure
  2920 | D:4      | Noticed a lemure
  2920 | D:4      | Noticed a lemure
  2947 | D:4      | Killed Pikel
  2948 | D:4      | Reached skill level 10 in Transmutations
  2948 | D:4      | Reached XP level 6. HP: 15/43 MP: 6/9
  2948 | D:4      | Reached XP level 7. HP: 16/48 MP: 6/10
  3612 | D:4      | Noticed Blork the orc
  3622 | D:4      | Killed Blork the orc
  3669 | D:4      | You fall into a shaft and drop 1 floor!
  3669 | D:5      | Entered Level 5 of the Dungeon
  3749 | D:5      | Found a glowing drain.
  3757 | Sewer    | Entered a sewer
  4727 | D:5      | Found a runed translucent gate.
  4728 | D:5      | Found a runed translucent gate.
  4728 | D:5      | Found a runed translucent gate.
  4731 | D:5      | Noticed Esekla's ghost (amateur DENe)
  4732 | D:5      | Noticed Prince Ribbit
  4748 | D:5      | Killed Prince Ribbit
  4749 | D:5      | Reached XP level 8. HP: 58/58 MP: 8/11
  4813 | D:5      | Reached skill level 5 in Dodging
  4820 | D:5      | Reached skill level 5 in Unarmed Combat
  5015 | D:5      | Slain by a wight

Illustrated notes

Levels and vault maps discovered:
D:1:      sevenhm_arrival_forest_fort_large_2, layout_rooms, serial_glass,
          glass_columns_a, glass_columns_b, item_on_display_a, feat_on_display,
          feat_on_display, hellmonk_ecumenical_altar_watching_god
D:2:      layout_loops_cross, hangedman_decor_clover_reticule
D:3:      layout_loops_cross, serial_shops, nicolae_shop_bloodbath_and_beyond
D:4:      layout_basic, minmay_temple_entry_drinking_statues,
          kennysheep_small_spiral, uniq_pikel, uniq_blork_the_orc
D:5:      layout_rooms, ebering_ghost_rock_garden, lightli_sewer_entry_pipes,
          uniq_prince_ribbit1, uniq_eustachio, uniq_grinder

Skill      XL: |  1  2  3  4  5  6  7  8 |
---------------+-------------------------+-----
Transmutations | 3 4 5 6 10 | 10.4
Dodging        | 4 5 |  5.7
Fighting       | 3 4 |  4.3
Unarmed Combat | 4 5 |  5.3
Spellcasting   | |  2.0

Action                     |  1- 3 |  4- 6 |  7- 9 || total
---------------------------+-------+-------+-------++-------
  Melee: Unarmed           |    34 |    49 |   100 ||   183
         Headbutt          |     2 |     2 |     4 ||     8
         Short sword       |   104 |    58 |       ||   162
         Punch             |     1 |     2 |       ||     3
         Whip              |       |       |    94 ||    94
         Tailslap          |       |       |     6 ||     6
   Cast: Beastly Appendage |     2 |     2 |     1 ||     5
         Spider Form       |     1 |     6 |    10 ||    17
    Use: Scroll            |       |     4 |     1 ||     5
   Stab: Sleeping          |     1 |     1 |     1 ||     3
 Armour: Leather armour    |    49 |    24 |    31 ||   104
         Robe              |     3 |       |       ||     3
         Skin              |       |     1 |    10 ||    11
  Dodge: Dodged            |    91 |   111 |   208 ||   410
